 Dungeon Crawl Stone Soup version 0.22-a0-352-gc608dd7 (webtiles) character file.

3792 b5mith the Fighter (level 9, -4/89 HPs)
             Began as a Minotaur Berserker on Apr 13, 2018.
             Was an Elder of Trog.
             Slain by an orc warrior
             ... wielding a +0 halberd
              (16 damage)
             ... on level 8 of the Dungeon.
             The game lasted 00:17:20 (7615 turns).

b5mith the Fighter (Minotaur Berserker)             Turns: 7615, Time: 00:17:21

Health: -4/89      AC:  9    Str: 26    XL:     9   Next: 95%
Magic:  8/8        EV: 11    Int:  4    God:    Trog [****..]
Gold:   348        SH:  0    Dex: 12    Spells: 8/8 levels left

rFire    . . .     SeeInvis .   a - +0 mace
rCold    . . .     Gourm    .   (no shield)
rNeg     . . .     Faith    .   h - +0 scale mail
rPois    .         Spirit   .   (helmet restricted)
rElec    .         Reflect  .   D - +0 cloak
rCorr    +         Harm     .   r - +0 pair of gloves
MR       .....                  m - +0 pair of boots {run}
Stlth    ++........             (no amulet)
HPRegen  0.24/turn              I - ring of resist corrosion
MPRegen  0.11/turn              d - +3 ring of dexterity

@: hasted, very quick
A: retaliatory headbutt, horns 2
a: Berserk, Trog's Hand, Brothers in Arms, Renounce Religion


You were on level 8 of the Dungeon.
You worshipped Trog.
Trog was greatly pleased with you.
You were not hungry.

You visited 1 branch of the dungeon, and saw 8 of its levels.

You collected 348 gold pieces.

Inventory:

Hand Weapons
 a - a +0 mace (weapon)
 b - a +2 hunting sling of flaming
   (You found it on level 5 of the Dungeon)
 q - a +0 long sword
   (You found it on level 4 of the Dungeon)
Missiles
 o - a throwing net
 s - 15 tomahawks (quivered)
Armour
 h - a +0 scale mail (worn)
   (You found it on level 1 of the Dungeon)
 m - a +0 pair of boots of running (worn)
   (You found it on level 2 of the Dungeon)
 r - a +0 pair of gloves (worn)
   (You found it on level 3 of the Dungeon)
 D - a +0 cloak (worn)
   (You found it on level 5 of the Dungeon)
Jewellery
 d - a +3 ring of dexterity (right hand)
   (You found it on level 1 of the Dungeon)
 f - an uncursed ring of see invisible
   (You found it on level 3 of the Dungeon)
 p - an uncursed ring of fire
   (You found it on level 3 of the Dungeon)
 G - an uncursed ring of protection from cold
   (You found it on level 7 of the Dungeon)
 I - a ring of resist corrosion (left hand)
   (You found it on level 7 of the Dungeon)
Wands
 u - a wand of polymorph (12)
   (You found it on level 4 of the Dungeon)
 v - a wand of enslavement (7)
   (You found it on level 7 of the Dungeon)
 z - a wand of clouds (5)
   (You found it on level 5 of the Dungeon)
 C - a wand of iceblast (6)
   (You found it on level 5 of the Dungeon)
Scrolls
 e - 5 scrolls of remove curse {@r2}
 g - 2 scrolls of teleportation
 j - 2 scrolls of blinking {unknown}
 k - 2 scrolls of magic mapping {unknown}
 n - 2 scrolls of identify {unknown}
 w - a scroll of noise {unknown}
 x - a scroll of enchant weapon {unknown}
 y - a scroll of fog {unknown}
 H - a scroll of immolation {unknown}
Potions
 i - 2 potions of mutation {unknown}
 t - 2 potions of berserk rage
 A - 2 potions of curing {unknown}
 B - 2 potions of lignification {unknown}
 E - a potion of degeneration {unknown}
 F - a potion of flight {unknown}
Comestibles
 c - 22 rations
 J - 2 chunks of flesh


   Skills:
 + Level 11.1 Fighting
 + Level 11.1 Maces & Flails
 - Level 2.4 Armour
 - Level 2.1 Dodging
 - Level 6.0 Stealth


You had 8 spell levels left.
You didn't know any spells.

Dungeon Overview and Level Annotations

Branches:
Dungeon (8/15)             Temple (0/1) D:4            Lair (0/6) D:8

Altars:
Ashenzari
Dithmenos
Hepliaklqana
Kikubaaqudgha
Makhleb
Sif Muna
Trog
Uskayaw
Xom
Yredelemnul
Zin

Shops:
D:7 [


Innate Abilities, Weirdness & Mutations

You reflexively headbutt those who attack you in melee.
You have a pair of horns on your head.


Message History

J - a chunk of flesh
Things that are here:
a dagger; a robe
Things that are here:
a dagger; a robe; an orc corpse You butcher the orc corpse.
J - 3 chunks of flesh (gained 2)
Things that are here:
a dagger; a robe There isn't anything to butcher here.
You start resting.
Eating one of 3 chunks of flesh.
You eat one of the 3 chunks of flesh.
This raw flesh tastes terrible.
HP restored.
A centaur zombie comes into view.
The centaur zombie hits you.
You hit the centaur zombie.
The centaur zombie is lightly damaged.
The centaur zombie hits you but does no damage.
You sock the centaur zombie!
The centaur zombie is moderately damaged.
The centaur zombie barely misses you. You furiously retaliate!
You headbutt the centaur zombie.
The centaur zombie hits you but does no damage.
You sock the centaur zombie!
The centaur zombie is almost destroyed.
The centaur zombie hits you.
You thump the centaur zombie!
You destroy the centaur zombie!
Trog accepts your kill.
No target in view!
No target in view!
An orc warrior comes into view. It is wielding a halberd.
An orc and a two-headed ogre come into view.
The two-headed ogre shouts in stereo!
You hear a shout!
The orc warrior shouts!
Things that are here:
a dagger; a robe The orc warrior hits you from afar with a halberd!
The orc warrior hits you from afar with a halberd!
An orc comes into view. It is wielding a flail.
The orc shouts!
The orc warrior hits you with a halberd!!
* * * LOW HITPOINT WARNING * * *
Things that are here:
a dagger; a robe The orc warrior hits you from afar with a halberd!!
* * * LOW HITPOINT WARNING * * *
You feel yourself speed up.
The orc warrior hits you from afar with a halberd!
You die...

#..............# #...o........
##..............# ##...#........
#...............# #....##...=o..
#...............###oo.####......
##........[.....##....# #.....
#.............###.o.## #....
#.............##....# #...
##............##o..## .##
#............@)...# #
##.......>.##.)...#
##..##############


#..##PPPPPPPPP## ##.#PPPPPPP..PP# #..P.PPPP.>.PP# #..(..PPP..PPP###
##......P.PPPP#.# ##......PP.PP#.## You could see an orc warrior and an orc.

Vanquished Creatures
  The ghost of binmo the Cudgeler, a novice TrMo (D:6)
  The ghost of lepoulpe303 the Skirmisher, a novice GrFi of Qazlal (D:7)
  A komodo dragon (D:8)
  A hippogriff (D:7)
  Eustachio (D:5)
  The ghost of BaronVonScrub the Skirmisher, an amateur GrFi of Trog (D:3)
  An orc warrior (D:6)
  2 ice beasts (D:7)
  An ogre (D:7)
  2 centaurs
  A water moccasin zombie (D:7)
  3 bullfrogs (D:7)
  6 killer bees (D:7)
  3 howler monkeys
  4 crimson imps
  A bullfrog zombie (D:7)
  A centaur zombie (D:8)
  A quasit (D:7)
  2 jellies (D:6)
  An orc priest (D:6)
  4 hounds
  A bullfrog skeleton (D:7)
  2 orc wizards (D:8)
  4 iguanas
  8 worker ants
  Robin (D:2)
  5 gnolls
  3 adders
  3 worms
  3 dart slugs
  11 leopard geckos
  12 orcs
  6 bats
  2 bat zombies (D:5)
  7 giant cockroaches
  15 goblins
  10 hobgoblins
  4 jackals
  2 quokkas (D:3)
  A ball python (D:2)
  4 frilled lizards
  5 kobolds
  6 rats
  A rat zombie (D:5)
  A spectral orc (D:3)
156 creatures vanquished.

Vanquished Creatures (others)
  A worker ant (D:4)
  2 jackals (D:4)
  A plant (D:8)
4 creatures vanquished.

Grand Total: 160 creatures vanquished

Notes
Turn   | Place    | Note
-------+----------+-------------------------------------------
     0 | D:1      | b5mith the Minotaur Berserker began the quest for the Orb.
     0 | D:1      | Reached XP level 1. HP: 19/19 MP: 0/0
   109 | D:1      | Reached XP level 2. HP: 17/27 MP: 1/1
   333 | D:1      | Reached skill level 1 in Stealth
  1012 | D:2      | Reached XP level 3. HP: 33/33 MP: 2/2
  1096 | D:2      | Reached ** piety under Trog
  1168 | D:2      | Found a deep blue altar of Sif Muna.
  1345 | D:2      | Identified a +0 pair of boots of running (You found it on level 2 of the Dungeon)
  1557 | D:2      | Reached XP level 4. HP: 38/41 MP: 3/3
  1602 | D:2      | Noticed Robin
  1611 | D:2      | Killed Robin
  1721 | D:2      | Found a shadowy altar of Dithmenos.
  1721 | D:2      | Found a bloodstained altar of Trog.
  1778 | D:3      | Reached skill level 5 in Maces & Flails
  1845 | D:3      | Reached XP level 5. HP: 17/47 MP: 4/4
  2081 | D:3      | Reached skill level 5 in Fighting
  2270 | D:3      | Noticed BaronVonScrub's ghost (amateur GrFi)
  2285 | D:3      | Killed BaronVonScrub's ghost
  2285 | D:3      | Reached *** piety under Trog
  2285 | D:3      | Reached XP level 6. HP: 56/56 MP: 5/5
  2327 | D:3      | Found a hazy altar of Hepliaklqana.
  2643 | D:3      | Found a basalt altar of Yredelemnul.
  2793 | D:4      | Found a staircase to the Ecumenical Temple.
  3486 | D:5      | Entered Level 5 of the Dungeon
  3646 | D:5      | Found an ancient bone altar of Kikubaaqudgha.
  3704 | D:5      | Found a shimmering altar of Xom.
  3705 | D:5      | Found a burning altar of Makhleb.
  3788 | D:5      | Reached XP level 7. HP: 58/63 MP: 6/6
  3834 | D:5      | Noticed Eustachio
  3863 | D:5      | Killed Eustachio
  4247 | D:5      | Reached **** piety under Trog
  4552 | D:6      | Noticed binmo's ghost (novice TrMo)
  4568 | D:6      | Killed binmo's ghost
  4568 | D:6      | Reached skill level 5 in Stealth
  4568 | D:6      | Reached XP level 8. HP: 60/74 MP: 7/7
  4756 | D:6      | Found a glowing silver altar of Zin.
  5669 | D:7      | Found a shattered altar of Ashenzari.
  5885 | D:7      | Reached XP level 9. HP: 82/82 MP: 8/8
  5893 | D:7      | Found Netelury's Antique Armour Emporium.
  6366 | D:7      | Reached skill level 10 in Fighting
  6366 | D:7      | Reached skill level 10 in Maces & Flails
  6413 | D:7      | Noticed lepoulpe303's ghost (novice GrFi)
  6426 | D:7      | Killed lepoulpe303's ghost
  6888 | D:8      | Found a hide-covered altar of Uskayaw.
  7144 | D:8      | Found a staircase to the Lair.
  7145 | D:8      | Noticed a komodo dragon
  7167 | D:8      | Killed a komodo dragon
  7588 | D:8      | Noticed a two-headed ogre
  7615 | D:8      | Slain by an orc warrior

Vault maps used:
D:1:      elethiomel_arrival_quiet, kennysheep_doodads
D:2:      gammafunk_temple_overflow_pools, old_standard_altar, minivault_4,
          minmay_door_square, uniq_robin
D:3:      lemuel_round_altar, yredelemnul_forgotten_temple_becter, first_ration
D:4:      minmay_temple_entry_crystal_x, lemuel_flame_loot_1
D:5:      grunt_temple_overflow_champion_of_chaos,
          lemuel_zombie_altar_kikubaaqudgha, uniq_eustachio
D:6:      basic_altar
D:7:      serial_shops, shop, grunt_ogre_cave, evilmike_ruin_ashenzari
D:8:      lemuel_round_altar, david_lair_shrubbed

Skill      XL: |  1  2  3  4  5  6  7  8  9 |
---------------+----------------------------+-----
Fighting       | 4 5 6 8 11 | 11.1
Maces & Flails | 4 5 6 8 11 | 11.1
Stealth        | 1 2 3 5 6 |  6.0
Armour         | |  2.4
Dodging        | |  2.1

Action                   |  1- 3 |  4- 6 |  7- 9 || total
-------------------------+-------+-------+-------++-------
Melee: Mace              |    87 |   118 |   238 ||   443
       Headbutt          |    12 |    26 |    49 ||    87
       Long sword        |       |    20 |    12 ||    32
Invok: Berserk           |       |     2 |     4 ||     6
  Use: Scroll            |       |     2 |     3 ||     5
       Potion            |       |       |     2 ||     2
 Stab: Sleeping          |       |       |     4 ||     4
       Distracted        |       |       |     1 ||     1
  Eat: Chunk             |     2 |     8 |     9 ||    19
       Ration            |       |       |     2 ||     2
Armor: Animal skin       |     1 |       |       ||     1
       Scale mail        |    23 |    50 |   103 ||   176
Dodge: Dodged            |    61 |    74 |   138 ||   273
       Rpst.: Long sword |       |     5 |       ||     5

Table legend:
 A = Spawn XP
 B = Non-spawn XP
 C = Spawn XP percentage of total XP
 D = Spawn monster count
 E = Non-spawn monster count
 F = Spawn count percentage of total count
 G = Total turns spent on level
                    A         B        C        D         E        F      G
               +---------+---------+-------+---------+---------+-------+---------
         Total |       0 |    5418 |   0.0 |       0 |     156 |   0.0 |  7615
               +---------+---------+-------+---------+---------+-------+---------
           D:1 |       0 |      39 |   0.0 |       0 |      15 |   0.0 |   997
           D:2 |       0 |      93 |   0.0 |       0 |      37 |   0.0 |   769
           D:3 |       0 |     282 |   0.0 |       0 |      31 |   0.0 |   968
           D:4 |       0 |     200 |   0.0 |       0 |      11 |   0.0 |   752
           D:5 |       0 |     547 |   0.0 |       0 |      16 |   0.0 |   921
           D:6 |       0 |    1232 |   0.0 |       0 |      11 |   0.0 |   864
           D:7 |       0 |    2346 |   0.0 |       0 |      28 |   0.0 |  1511
           D:8 |       0 |     679 |   0.0 |       0 |       7 |   0.0 |   833
               +---------+---------+-------+---------+---------+-------+---------
